 Dungeon Crawl Stone Soup version 0.30-a0-170-g85af917532 (webtiles) character file.

Game seed: 3903565408519721860

30 KennySheep the Grave Robber (level 3, -3/26 HPs)
             Began as a Human Necromancer on Oct 1, 2022.
             Slain by a worm (10 damage)
             ... on level 2 of the Dungeon.
             The game lasted 00:04:48 (1089 turns).

KennySheep the Grave Robber (Human Necromancer)     Turns: 1089, Time: 00:04:49

Health: -3/26      AC:  2    Str:  8    XL:     3   Next: 37%
Magic:  1/6        EV: 12    Int: 17    God:
Gold:   76         SH:  0    Dex: 13    Spells: 5/6 levels left

rFire   . . .      SeeInvis .    d - +0 falchion
rCold   . . .      Faith    .    (no shield)
rNeg    . . .      Spirit   .    a - +0 robe
rPois   .          Reflect  .    (no helmet)
rElec   .          Harm     .    (no cloak)
rCorr   .          Rampage  .    (no gloves)
Will    .....                    (no boots)
Stlth   ++........               (no amulet)
HPRegen 0.08/turn                (no ring)
MPRegen 0.10/turn                (no ring)

@: no status effects
A: no striking features
a: no special abilities


You were on level 2 of the Dungeon.
You visited 1 branch of the dungeon, and saw 2 of its levels.

You collected 76 gold pieces.

Inventory:

Hand Weapons
 d - a +0 falchion (weapon)
Armour
 a - a +0 robe (worn)
Scrolls
 i - a scroll of enchant weapon {unknown}
 j - 2 scrolls of teleportation {unknown}
 n - 3 scrolls of poison {unknown}
 o - a scroll of identify {unknown}
Potions
 b - a potion of magic
 c - a potion of mutation {unknown}
 e - a potion of cancellation {unknown}
 f - 2 potions of curing {unknown}
 g - a potion of might {unknown}
 h - 2 potions of brilliance {unknown}
 k - a potion of resistance {unknown}
 l - a potion of haste {unknown}
 m - a potion of flight {unknown}


   Skills:
 + Level 1.1 Fighting
 + Level 2.4 Dodging
 - Level 2.0 Stealth
 + Level 2.3 Spellcasting
 + Level 4.2 Necromancy


You had 5 spell levels left.
You knew the following spells:

 Your Spells              Type           Power      Damage    Failure   Level
a - Necrotise             Necr           64%        1d7       3%          1

Your spell library contained the following spells:

 Spells                   Type           Power      Damage    Failure   Level
 Vampiric Draining        Necr           16%        2d7       10%         3
 Animate Dead             Necr           16%        N/A       32%         4
 Agony                    Necr           16%        N/A       65%         5


Dungeon Overview and Level Annotations

Branches:
Dungeon (2/15)

Altars:


Message History

Press: ? - help, Q - select action Shift-Dir - straight line, f/p - worm
Aim: a worm (moderately wounded, ally target, chance to affect: 80%)
The worm writhes in agony.
Your kobold skeleton hits the worm but does no damage.
You don't have enough magic to cast this spell.
Unknown command.
You swap places.
Your kobold skeleton hits the worm.
The worm bites your kobold skeleton.
Your kobold skeleton hits the worm but does no damage.
A worm is nearby!
Your kobold skeleton barely misses the worm.
Your kobold skeleton hits the worm.
The worm barely misses your kobold skeleton.
Your kobold skeleton closely misses the worm.
Your kobold skeleton hits the worm.
The worm bites your kobold skeleton!
Your kobold skeleton is destroyed!
Your kobold skeleton hits the worm.
Your ball python skeleton bites the worm.
Your ball python skeleton barely misses the worm.
Your kobold skeleton hits the worm but does no damage.
The worm bites your ball python skeleton!
Your ball python skeleton is destroyed!
Your kobold skeleton hits the worm.
Your kobold skeleton barely misses the worm.
You hit the worm.
The worm is heavily wounded.
The worm bites you!
* * * LOW HITPOINT WARNING * * *
Your kobold skeleton barely misses the worm.
You hit the worm.
The worm is severely wounded.
Your kobold skeleton hits the worm but does no damage.
The worm bites your kobold skeleton.
You hit the worm but do no damage.
The worm is severely wounded.
Your kobold skeleton hits the worm but does no damage.
You hit the worm but do no damage.
The worm is severely wounded.
The worm bites you!
You die...

#.......# #. #.......#
#.. #.##.#.#..## #.#
...........## #.##
...#.#.#.#..# ...
............# #.#
...#.#.#.#.#####.#
...............Zw#####
##.#.#.#.#.###..@....#
#.........#
#)#)..#....
#.#.#.#.#.#
#.#......##
#.........# #.#...#.##
...#.##### #^##.## #
#... #.. .. #. ### .##
.#


You could see a worm (ally target) and a friendly kobold skeleton.

Vanquished Creatures
  4 ball pythons
  2 bats (D:1)
  An endoplasm (D:1)
  2 giant cockroaches (D:1)
  2 goblins
  3 hobgoblins (D:1)
  2 quokkas (D:1)
  2 frilled lizards (D:1)
  5 kobolds
  4 rats (D:1)
27 creatures vanquished.

Vanquished Creatures (collateral kills)
  A ball python (D:1)
1 creature vanquished.

Grand Total: 28 creatures vanquished

Notes
Turn   | Place    | Note
-------+----------+-------------------------------------------
     0 | D:1      | KennySheep the Human Necromancer began the quest for the
                  | Orb.
     0 | D:1      | Reached XP level 1. HP: 13/13 MP: 3/3
   124 | D:1      | Reached XP level 2. HP: 18/20 MP: 0/5
   475 | D:1      | Reached skill level 1 in Fighting
   563 | D:1      | Reached XP level 3. HP: 24/26 MP: 3/6
  1089 | D:2      | Slain by a worm

Illustrated notes

Levels and vault maps discovered:
D:1:      wander_arrival_estate, layout_rooms
D:2:      layout_loops_cross, serial_glass, glass_columns_c, glass_columns_a,
          serial_shops, shop

Skill      XL: |  1  2 |
---------------+-------+-----
Fighting       | 1 |  1.1
Dodging        | |  2.4
Stealth        | |  2.0
Spellcasting   | |  2.3
Necromancy     | |  4.2

Action                   || total
-------------------------++-------
Melee: Falchion          ||    17
 Cast: Necrotise         ||    43
Armor: Robe              ||     4
Dodge: Dodged            ||    16

Table legend: (Time is in decaauts)
 A = Elapsed time spent in this place.
 B = Non-inter-level travel time spent in this place.
 C = Inter-level travel time spent in this place.
 D = Time resting spent in this place.
 E = Time spent auto-exploring this place.
 F = Levels seen in this place.
 G = Mean time per level.
                   A        B        C        D        E       F      G
               +--------+--------+--------+--------+--------+-----+--------+
         Total |   1093 |   1078 |     15 |     54 |    852 |   2 |  546.5 |
       Dungeon |   1093 |   1078 |     15 |     54 |    852 |   2 |  546.5 |
               +--------+--------+--------+--------+--------+-----+--------+

Top non-repeatable levels by time:
     D:1: 1022 daAuts
     D:2: 70 daAuts
